 Dungeon Crawl Stone Soup version 0.28.0-53-g5a82cb258f (webtiles) character file.

Game seed: 14397345929959096153

18 DemonSlayer the Firebug (level 2, -2/19 HPs)
             Began as a Demonspawn Fire Elementalist on Aug 23, 2022.
             Slain by an adder (3 damage)
             ... on level 2 of the Dungeon.
             The game lasted 00:01:43 (1174 turns).

DemonSlayer the Firebug (DsFE)                      Turns: 1174, Time: 00:01:44

Health: -2/19      AC:  2    Str:  8    XL:     2   Next: 48%
Magic:  2/5        EV: 12    Int: 16    God:
Gold:   13         SH:  0    Dex: 13    Spells: 2/5 levels left

rFire   . . .      SeeInvis .   c - +1 dagger (elec)
rCold   . . .      Faith    .   (no shield)
rNeg    . . .      Spirit   .   a - +0 robe
rPois   .          Reflect  .   (no helmet)
rElec   .          Harm     .   (no cloak)
rCorr   .          Rampage  .   (no gloves)
Will    .....                   (no boots)
Stlth   ++........              (no amulet)
HPRegen 0.06/turn               (no ring)
MPRegen 0.18/turn               (no ring)

@: flying
A: magic regeneration
a: no special abilities


You were on level 2 of the Dungeon.
You visited 1 branch of the dungeon, and saw 2 of its levels.

You collected 13 gold pieces.

Inventory:

Hand Weapons
 c - a +1 dagger of electrocution (weapon)
Armour
 a - a +0 robe (worn)
Scrolls
 d - a scroll of amnesia {unknown}
 e - 2 scrolls of teleportation {unknown}


   Skills:
 + Level 2.0 Dodging
 + Level 1.8 Stealth
 + Level 2.2 Spellcasting
 + Level 1.1 Conjurations
 + Level 3.1 Fire Magic


You had 2 spell levels left.
You knew the following spells:

 Your Spells              Type           Power      Damage    Failure   Level
a - Foxfire               Conj/Fire      32%        2x1d5     9%          1
b - Scorch                Fire           22%        2d6       9%          2

Your spell library contained the following spells:

 Spells                   Type           Power      Damage    Failure   Level
 Conjure Flame            Conj/Fire      8%         6-21      26%         3
 Inner Flame              Hex/Fire       6%         N/A       32%         3
 Flame Wave               Conj/Fire      8%         2d5       63%         4


Dungeon Overview and Level Annotations

Branches:
Dungeon (2/15)

Altars:


Innate Abilities, Weirdness & Mutations

You regenerate magic rapidly.


Message History

Found a scroll labelled TUIXKUWN NATA.
The adder hisses angrily.
The endoplasm quivers.
The frilled lizard closely misses you.
You hit the adder.
The adder is moderately wounded.
The adder bites you but does no damage. The frilled lizard bites you.
You conjure some foxfire!
The adder closely misses you. The frilled lizard bites you.
The endoplasm hits you but does no damage.
You conjure some foxfire!
The foxfire hits the adder.
The adder is heavily wounded.
The foxfire hits the adder.
The adder is severely wounded.
The adder bites you but does no damage. The adder bites you.
The frilled lizard barely misses you.
The endoplasm hits you but does no damage.
You conjure some foxfire!
The foxfire hits the endoplasm.
The endoplasm is severely wounded.
The foxfire hits the endoplasm.
You kill the endoplasm!
The adder barely misses you. The frilled lizard bites you.
You are too injured to fight recklessly!
Unknown command.
You barely miss the adder.
The adder is severely wounded.
The foxfire hits the adder but does no damage.
The adder is severely wounded.
The foxfire hits the adder but does no damage.
The adder is severely wounded.
The adder bites you.
* * * LOW HITPOINT WARNING * * *
The frilled lizard misses you.
It was a potion of flight.
You feel very buoyant.
You fly up into the air.
The adder closely misses you. The frilled lizard bites you.
* * * LOW HITPOINT WARNING * * *
The adder bites you.
You die...

#....# #.# #######
####.# ...... ..#.#
#.....# #.#.#
#..$...##.#.####..
...>...............
......#....#######
###.#...ยง........
......S@........?
......l...#######
.......#### .......
....... ######. #.
#.


You could see an adder and a frilled lizard.

Vanquished Creatures
  3 endoplasms
  2 giant cockroaches (D:1)
  2 goblins (D:1)
  2 hobgoblins (D:1)
  2 ball pythons (D:1)
  A bat (D:1)
  A frilled lizard (D:1)
  3 kobolds (D:1)
  A rat (D:1)
17 creatures vanquished.

Vanquished Creatures (others)
  61 foxfires
61 creatures vanquished.

Grand Total: 78 creatures vanquished

Notes
Turn   | Place    | Note
-------+----------+-------------------------------------------
     0 | D:1      | DemonSlayer the Demonspawn Fire Elementalist began the
                  | quest for the Orb.
     0 | D:1      | Reached XP level 1. HP: 13/13 MP: 3/3
   257 | D:1      | Reached skill level 3 in Fire Magic
   362 | D:1      | Gained mutation: You regenerate magic rapidly. [demonic
                  | ancestry]
   362 | D:1      | Reached XP level 2. HP: 19/19 MP: 3/5
   365 | D:1      | Learned a level 2 spell: Scorch
  1174 | D:2      | Slain by an adder

Illustrated notes

Levels and vault maps discovered:
D:1:      erik_arrival_triangle_large, layout_basic
D:2:      layout_basic, serial_park_tiny_pond, uniq_crazy_yiuf_cottage

Skill      XL: |  1  2 |
---------------+-------+-----
Fire Magic     | 3 |  3.1
Dodging        | 2 |  2.0
Stealth        | |  1.8
Spellcasting   | |  2.2
Conjurations   | |  1.1

Action                   || total
-------------------------++-------
Melee: Unarmed           ||     1
       Dagger            ||    16
       Punch             ||     1
 Cast: Foxfire           ||    40
  Use: Potion            ||     1
 Stab: Sleeping          ||     2
Armor: Robe              ||     6
Dodge: Dodged            ||    14
